 Dungeon Crawl Stone Soup version 0.31-a0-744-gbc345e7fcb (webtiles) character file.

Game seed: 2264925647794488245

1243 bobarctor the Grave Robber (level 8, -1/49 (52) HPs)
             Began as a Demonspawn Necromancer on Aug 27, 2023.
             Slain by a wight
             ... wielding a +1 scimitar
              (4 damage)
             ... on level 6 of the Dungeon on Sept 14, 2023.
             The game lasted 00:24:37 (5785 turns).

bobarctor the Grave Robber (Demonspawn Necromancer) Turns: 5785, Time: 00:24:38

HP:   -1/49 (52)    AC:  5    Str:  9    XL:     8   Next: 25%
MP:   15/15         EV: 13    Int: 19    God:
Gold: 301           SH:  0    Dex: 13    Spells: 6/17 levels left

rFire   . . .        o - +1 short sword (speed)
rCold   . . .        D - orb {light}
rNeg    . . .        a - +0 robe
rPois   .            q - +1 hat
rElec   .            u - +0 cloak
rCorr   .            (no gloves)
SInv    .            (no boots)
Will    +....        (no amulet)
Stlth   +            c - ring of wizardry
HPRegen 0.28/turn    (no ring)
MPRegen 0.14/turn

%: wizardry (x1)
@: enlightened, flying, glowing, drained
A: horns 2, sharp scales 1
a: no special abilities


You were on level 6 of the Dungeon.
You visited 1 branch of the dungeon, and saw 6 of its levels.

You collected 301 gold pieces.

Inventory:

Hand Weapons
 f - a +0 dagger
 n - a +0 sling
 o - a +1 short sword of speed (weapon)
 t - a +4 quarterstaff of chaos
 v - a +2 hammer of venom
 w - a +0 dagger of venom
Missiles
 d - 2 poisoned darts
 h - 69 stones
 F - 6 boomerangs (quivered)
Armour
 a - a +0 robe (worn)
 q - a +1 hat (worn)
 u - a +0 cloak (worn)
 D - an orb of light (worn)
 H - a +2 leather armour of fire resistance
Jewellery
 c - a ring of wizardry (left hand)
 g - an amulet of guardian spirit
 z - an amulet of faith
Talismans
 A - a serpent talisman
Wands
 B - a wand of iceblast (19)
Scrolls
 i - a scroll of revelation {unknown}
 j - 2 scrolls of noise {unknown}
 k - a scroll of fog {unknown}
 m - 2 scrolls of identify {unknown}
 p - 2 scrolls of amnesia {unknown}
 r - a scroll of poison {unknown}
 y - 3 scrolls of blinking {unknown}
 G - a scroll of enchant armour {unknown}
Potions
 b - a potion of magic
 e - a potion of mutation {unknown}
 l - a potion of heal wounds {unknown}
 s - 2 potions of lignification {unknown}
 x - a potion of haste {unknown}
 C - a potion of degeneration {unknown}
 E - a potion of enlightenment
 I - a potion of curing {unknown}


   Skills:
 + Level 3.7 Dodging
 + Level 4.1 Stealth
 * Level 5.1 Spellcasting
 + Level 5.9 Necromancy
 + Level 2.5 Transmutations
 + Level 2.6 Fire Magic
 + Level 2.8 Poison Magic


You had 6 spell levels left.
You knew the following spells:

 Your Spells              Type           Power      Damage    Failure   Level
a - Necrotise             Necr           100%       1d9       1%          1
b - Vampiric Draining     Necr           27%        2d7       1%          3
c - Ignite Poison         Fire/Tmut/Pois 14%        N/A       4%          3
d - Animate Dead          Necr           27%        N/A       4%          4

Your spell library contained the following spells:

 Spells                   Type           Power      Damage    Failure   Level
 Agony                    Necr           27%        N/A       12%         5
 Sticky Flame             Conj/Fire      9%         2d3       26%         4
 Ignition                 Fire           7%         3d4       100%        8


Dungeon Overview and Level Annotations

Branches:
Dungeon (6/15)
 Temple: D:4-7

Altars:
Okawaru
Ru
Uskayaw
Wu Jian

Shops:
D:4 *

Annotations:
D:6 Duvessa


Innate Abilities, Weirdness & Mutations

You have a pair of horns on your head.
You are partially covered in razor-sharp scales. (AC +1, Slay +1)


Message History

The wight is almost destroyed.
The wight closely misses you.
You hit the wight but do no damage.
The wight is almost destroyed.
You hit the wight but do no damage.
The wight is almost destroyed.
The wight hits you with a +0 hand axe.
You feel drained.
You hit the wight but do no damage.
The wight is severely damaged.
The wight hits you with a +0 hand axe.
You feel drained.
You hit the wight. You headbutt the wight.
You destroy the wight!
You completely miss the wight. Your headbutt misses the wight.
The wight hits you but does no damage.
You hit the wight but do no damage. You headbutt the wight!
The wight is heavily damaged.
You hit the wight but do no damage. Your headbutt misses the wight.
The wight is heavily damaged.
The wight barely misses you.
You hit the wight. You headbutt the wight.
The wight is almost destroyed.
The wight hits you with a +0 dagger!
You hit the wight but do no damage.
The wight is almost destroyed.
The wight hits you with a +1 scimitar.
You feel drained.
You hit the wight.
The wight is almost destroyed.
The wight closely misses you.
You barely miss the wight. You headbutt the wight.
You destroy the wight!
The wight hits you with a +1 scimitar!
* * * LOW HITPOINT WARNING * * *
Items here: )) [[.
You see here a +0 giant club.
The wight attacks as it pursues you! The wight hits you with a +1 scimitar!
* * * LOW HITPOINT WARNING * * *
It was a potion of enlightenment.
You feel very buoyant.
You fly up into the air.
The wight hits you with a +1 scimitar.
You die...

..... ##.....## ......
##.......##
#......####..<......######
##........##...............
#.......#.##.........#####.
#.......#.##.........# #..
.#.........)..........# #.#
.........#z##.........####.#
.##.....##.@).........##...#
....#....[.##.........##.###
#....[##..#.........##.#
.....##.###.#.........#..#
...#.##..# .##.......##.##
.###.#...# .###.....##..# .
#<...### .# ##...###### ...
#†.### #.# #...#
.....##Z.### #.# #...#


You could see a wight.

Vanquished Creatures
  A black bear (D:5)
  An ogre (D:6)
  2 phantoms
  A bullfrog (D:6)
  Blork the orc (D:4)
  A scorpion (D:6)
  3 wights (D:6)
  2 hounds
  An orc priest (D:6)
  Crazy Yiuf (D:2)
  2 jellies (D:5)
  A sleepcap (D:6)
  Ijyb (D:4)
  Terence (D:3)
  Natasha (D:4)
  An iguana (D:5)
  Robin (D:3)
  4 gnolls (D:5)
  12 adders
  A white imp (D:6)
  2 worms
  A dart slug (D:3)
  6 orcs
  8 ball pythons
  2 endoplasms (D:1)
  A giant cockroach (D:2)
  11 goblins
  4 hobgoblins
  3 jackals (D:1)
  7 quokkas
  4 bats
  A frilled lizard (D:2)
  12 kobolds
  3 rats
104 creatures vanquished.

Vanquished Creatures (collateral kills)
  3 adders
  An orc (D:6)
  2 goblins
6 creatures vanquished.

Grand Total: 110 creatures vanquished

Notes
Turn   | Place    | Note
-------+----------+-------------------------------------------
     0 | D:1      | bobarctor the Demonspawn Necromancer began the quest for
                  | the Orb.
     0 | D:1      | Reached XP level 1. HP: 13/13 MP: 3/3
   242 | D:1      | Gained mutation: You have a pair of small horns on your
                  | head. [demonic ancestry]
   242 | D:1      | Reached XP level 2. HP: 16/19 MP: 0/5
   353 | D:1      | Upgraded the game from 0.31-a0-636-ge1c0e020e0 to
                  | 0.31-a0-744-gbc345e7fcb
   864 | D:2      | Reached XP level 3. HP: 7/24 MP: 0/6
   971 | D:2      | Learned a level 3 spell: Vampiric Draining
   975 | D:2      | Learned a level 3 spell: Ignite Poison
  1220 | D:2      | Noticed Robin
  1401 | D:3      | Killed Robin
  1402 | D:3      | Reached XP level 4. HP: 17/30 MP: 2/8
  2056 | D:2      | Found a runed translucent door.
  2063 | D:2      | Noticed Crazy Yiuf
  2072 | D:2      | Killed Crazy Yiuf
  2073 | D:2      | Reached XP level 5. HP: 9/35 MP: 0/9
  2729 | D:3      | Reached skill level 1 in Poison Magic
  2865 | D:3      | Noticed Terence
  2869 | D:3      | Killed Terence
  2870 | D:3      | Reached skill level 5 in Necromancy
  2870 | D:3      | Reached skill level 1 in Transmutations
  2870 | D:3      | Reached skill level 1 in Fire Magic
  3111 | D:4      | Found an iron altar of Okawaru.
  3114 | D:4      | Found an ornate altar of the Wu Jian Council.
  3152 | D:4      | Noticed Ijyb
  3160 | D:4      | Killed Ijyb
  3259 | D:4      | Noticed Blork the orc
  3272 | D:4      | Killed Blork the orc
  3273 | D:4      | Reached XP level 6. HP: 19/41 MP: 0/11
  3362 | D:4      | Learned a level 4 spell: Animate Dead
  3491 | D:4      | Found Qeogiggo's General Store.
  3590 | D:4      | Noticed Natasha
  3598 | D:4      | Killed Natasha
  3691 | D:4      | Found a sacrificial altar of Ru.
  3831 | D:4      | Found a hide-covered altar of Uskayaw.
  4206 | D:5      | Entered Level 5 of the Dungeon
  4303 | D:5      | Gained mutation: You are partially covered in razor-sharp
                  | scales. (AC +1, Slay +1) [demonic ancestry]
  4303 | D:5      | Reached XP level 7. HP: 35/46 MP: 5/13
  5405 | D:6      | Gained mutation: You have a pair of horns on your head.
                  | [demonic ancestry]
  5405 | D:6      | Reached XP level 8. HP: 52/52 MP: 7/15
  5492 | D:6      | Reached skill level 5 in Spellcasting
  5527 | D:6      | Noticed Duvessa
  5785 | D:6      | Slain by a wight

Illustrated notes

Levels and vault maps discovered:
D:1:      dpeg_arrival_arbitrary_c, layout_rooms
D:2:      layout_rooms, uniq_robin, uniq_crazy_yiuf_cottage
D:3:      layout_basic, uniq_terence
D:4:      layout_basic, mainiacjoe_overflow_surrounded_room,
          hangedman_ru_absence, nicolae_overflow_hidden_temple,
          overflow_temple_1_default, serial_shops, kennysheep_little_box,
          uniq_blork_the_orc, uniq_ijyb, uniq_natasha
D:5:      layout_rooms, kennysheep_dice
D:6:      layout_rooms, nicolae_sif_muna_little_library, uniq_eustachio,
          uniq_duvessa

Skill      XL: |  1  2  3  4  5  6  7  8 |
---------------+-------------------------+-----
Stealth        | 2 3 4 |  4.1
Dodging        | 2 3 |  3.7
Spellcasting   | 3 4 5 |  5.1
Poison Magic   | 1 2 |  2.8
Necromancy     | 5 |  5.9
Transmutations | 1 2 |  2.5
Fire Magic     | 1 2 |  2.6

Action                     |  1- 3 |  4- 6 |  7- 9 || total
---------------------------+-------+-------+-------++-------
  Melee: Dagger            |    16 |     2 |       ||    18
         Headbutt          |     4 |     6 |    20 ||    30
         Mace              |       |     5 |       ||     5
         Short sword       |       |    20 |    71 ||    91
  Throw: Boomerang         |       |       |     8 ||     8
   Cast: Necrotise         |    64 |   112 |    49 ||   225
         Vampiric Draining |     1 |     3 |     5 ||     9
         Animate Dead      |       |       |     2 ||     2
    Use: Potion            |       |       |     1 ||     1
   Stab: Sleeping          |       |     1 |       ||     1
 Armour: Robe              |    21 |    47 |    41 ||   109
  Dodge: Dodged            |    17 |    45 |    52 ||   114

Table legend: (Time is in decaauts)
 A = Elapsed time spent in this place.
 B = Non-inter-level travel time spent in this place.
 C = Inter-level travel time spent in this place.
 D = Time resting spent in this place.
 E = Time spent auto-exploring this place.
 F = Levels seen in this place.
 G = Mean time per level.
                   A        B        C        D        E       F      G
               +--------+--------+--------+--------+--------+-----+--------+
         Total |   5762 |   5632 |    130 |   1163 |   3431 |   6 |  960.3 |
       Dungeon |   5762 |   5632 |    130 |   1163 |   3431 |   6 |  960.3 |
               +--------+--------+--------+--------+--------+-----+--------+

Top non-repeatable levels by time:
     D:3: 1167 daAuts
     D:4: 1104 daAuts
     D:2: 1083 daAuts
     D:5: 1065 daAuts
     D:1: 848 daAuts
     D:6: 492 daAuts
